 Dungeon Crawl Stone Soup version 0.26-a0-639-g72c4674329 (webtiles) character file.

Game seed: 141068517658630150

42 Conn the Magician (level 3, 0/21 HPs)
             Began as an Octopode Hedge Wizard on Sept 20, 2020.
             Succumbed to a kobold's poison
             ... on level 2 of the Dungeon.
             The game lasted 00:03:28 (1397 turns).

Conn the Magician (Octopode Hedge Wizard)           Turns: 1397, Time: 00:03:29

Health: 0/21       AC:  1    Str:  9    XL:     3   Next: 54%
Magic:  8/8        EV: 13    Int: 17    God:
Gold:   108        SH:  0    Dex: 11    Spells: 5/10 levels left

rFire    + . .     SeeInvis .   a - +0 short sword
rCold    x . .     Faith    .   (no shield)
rNeg     . . .     Spirit   .   g - +0 hat
rPois    .         Reflect  .   (no amulet)
rElec    .         Harm     .   c - ring of fire
rCorr    .         Rampage  .   (no ring)
MR       .....                  (no ring)
Stlth    +++.......             (no ring)
HPRegen  0.07/turn              (no ring)
MPRegen  0.11/turn              (no ring)
                                (no ring)
                                (no ring)

@: lethally poisoned (0 -> -12), hasted, very quick
A: almost no armour, stealthy swim, amphibious, 8 rings, constrict 8, camouflage
1, gelatinous body 1
a: no special abilities


You were on level 2 of the Dungeon.
You visited 1 branch of the dungeon, and saw 2 of its levels.

You collected 108 gold pieces.

Inventory:

Hand Weapons
 a - a +0 short sword (weapon)
 b - a +0 dagger
Missiles
 h - 41 sling bullets
Armour
 g - a +0 hat (worn)
Jewellery
 c - a ring of fire (left tentacle)
Scrolls
 d - a scroll of identify
 f - a scroll of enchant armour {unknown}
 i - a scroll of teleportation


   Skills:
 + Level 0.2 Short Blades
 + Level 2.0 Dodging
 + Level 3.2 Stealth
 + Level 4.0 Spellcasting
 + Level 1.0 Conjurations
 + Level 1.0 Summonings
 + Level 1.0 Translocations


You had 5 spell levels left.
You knew the following spells:

 Your Spells              Type           Power        Failure   Level
a - Magic Dart            Conj           #...         11%         1
b - Blink                 Tloc           N/A          16%         2
c - Call Imp              Summ           #.......     16%         2

Your spell library contained the following spells:

 Spells                   Type           Power        Failure   Level
 Slow                     Hex            #.......     24%         2
 Conjure Flame            Conj/Fire      #.......     36%         3
 Mephitic Cloud           Conj/Pois/Air  #.......     38%         3


Dungeon Overview and Level Annotations

Branches:
Dungeon (2/15)

Altars:
Ru


Innate Abilities, Weirdness & Mutations

You cannot wear most types of armour.
You are very stealthy in the water. (Stealth+)
You are amphibious.
You can wear up to eight rings at the same time.
You can use your tentacles to constrict eight enemies at once.
Your skin changes colour to match your surroundings (Stealth+).
Your rubbery body absorbs attacks. (AC +1, EV +1)


Message History

* * * LOW HITPOINT WARNING * * *
You feel sick.
You feel better. The kobold hits you but does no damage.
You are poisoned.
Casting: Call Imp (safe; 16% risk of failure)
Confirm with . or Enter, or press ? or * to list all spells.
Okay, then.
You feel sick.
You feel sick.
The kobold hits you with a +0 short sword of venom.
* * * LOW HITPOINT WARNING * * *
You are more poisoned.
* * * LOW HITPOINT WARNING * * *
You feel sick.
* * * LOW HITPOINT WARNING * * *
You feel sick.
* * * LOW HITPOINT WARNING * * *
You feel sick.
It was a potion of haste.
You feel yourself speed up.
You die...

# #.. . #.# # #.#
#.# #.# #.# #.
#.# #.. # #@# #.#
###.##K#####.# #
#..........#[# .#
#.#.##.###.#.##.#
#. #.....$....#
.######....###
..##....)..####
#...............#
#.##.##.####..g.#


You could see a kobold.

Vanquished Creatures
  A gnoll (D:1)
  A leopard gecko (D:2)
  A bat (D:2)
  2 giant cockroaches
  4 goblins
  A hobgoblin (D:2)
  3 kobolds
  7 rats
20 creatures vanquished.

Vanquished Creatures (collateral kills)
  2 adders (D:2)
2 creatures vanquished.

Grand Total: 22 creatures vanquished

Notes
Turn   | Place    | Note
-------+----------+-------------------------------------------
     0 | D:1      | Conn the Octopode Hedge Wizard began the quest for the Orb.
     0 | D:1      | Reached XP level 1. HP: 11/11 MP: 4/4
   221 | D:1      | Reached XP level 2. HP: 7/17 MP: 4/6
   421 | D:1      | Learned a level 2 spell: Blink
   424 | D:1      | Learned a level 2 spell: Call Imp
   928 | D:2      | Reached XP level 3. HP: 10/21 MP: 8/8
  1123 | D:2      | Reached skill level 4 in Spellcasting
  1254 | D:2      | Found a sacrificial altar of Ru.
  1396 | D:2      | HP: 1/21 [poisoned by a kobold]
  1397 | D:2      | Succumbed to a kobold's poison

Illustrated notes

Levels and vault maps discovered:
D:1:      psy_arrival_radial02, layout_basic, minmay_tiny_reverse_x
D:2:      layout_loops_ring, old_standard_altar

Skill      XL: |  1  2  3 |
---------------+----------+-----
Stealth        | 3 |  3.2
Spellcasting   | 4 |  4.0
Short Blades   | |  0.2
Dodging        | |  2.0
Conjurations   | |  1.0
Summonings     | |  1.0
Translocations | |  1.0

Action                   || total
-------------------------++-------
Melee: Dagger            ||     6
       Constrict         ||     7
       Tentacles         ||     7
       Short sword       ||    22
 Fire: Hunting sling     ||     1
Throw: Throwing net      ||     1
 Cast: Magic Dart        ||     3
       Call Imp          ||     4
  Use: Scroll            ||     3
       Potion            ||     2
 Stab: Sleeping          ||     9
Armor: Skin              ||     1
Dodge: Dodged            ||    10

Table legend: (Time is in decaauts)
 A = Elapsed time spent in this place.
 B = Non-inter-level travel time spent in this place.
 C = Inter-level travel time spent in this place.
 D = Time resting spent in this place.
 E = Time spent auto-exploring this place.
 F = Levels seen in this place.
 G = Mean time per level.
                   A        B        C        D        E       F      G
               +--------+--------+--------+--------+--------+-----+--------+
         Total |   1397 |   1383 |     14 |    335 |    690 |   2 |  698.5 |
       Dungeon |   1397 |   1383 |     14 |    335 |    690 |   2 |  698.5 |
               +--------+--------+--------+--------+--------+-----+--------+

Top non-repeatable levels by time:
     D:1: 894 daAuts
     D:2: 503 daAuts
